AoeStats
← sorry

Black Forest

506139535Analyzed
1v1 RM · 21d ago on Sep 12, 2026· 40m 50s· 2 players
Game mode
Random Map
Map size
Tiny (2 player)
Population
200
Speed
Normal
Resources
Standard
Victory
Conquest
Starting age
Dark Age
Ending age
Imperial Age
RankedLock teamsTeams togetherTeam positionsShared explorationLock speedFull tech treeHidden civsTurbo modeCheats
Victory
Defeat
🇳🇴 Portuguese · Norway
710
+16
🇹🇷 Cumans · Türkiye
705
-16
DarkCloud
12:42 Feudal Age
13:08 Horse Collar
13:15 Double-Bit Axe
15:58 Loom
16:15 Fishing Lines
16:54 Gold Mining
20:37 Wheelbarrow
25:04 Castle Age
26:27 Bloodlines
27:37 Gillnets
28:23 Bow Saw
30:13 Heavy Plow
34:08 Ballistics
36:24 Hand Cart
sorry
15:02 Feudal Age
19:06 Castle Age
23:23 Fletching
25:43 Bodkin Arrow
27:34 Double-Bit Axe
35:22 Imperial Age
33:25 Loom
34:16 Wheelbarrow
38:30 Bracer
Connection lost

Rejoining the realm…

Still unreachable

The connection could not be restored.

Session expired

The server has moved on; the page needs a fresh start.